 Dungeon Crawl Stone Soup version 0.29-a0-515-g7c1fb6cc08 (webtiles) character file.

Game seed: 10449662252362179425

58 Colgate the Cutter (level 4, 0/26 HPs)
             Began as a Kobold Brigand on May 30, 2022.
             Was a Follower of Zin.
             Slain by Ijyb
             ... wielding a +0 dagger
              (2 damage)
             ... on level 2 of the Dungeon.
             The game lasted 00:06:06 (1352 turns).

Colgate the Cutter (Kobold Brigand)                 Turns: 1352, Time: 00:06:06

Health: 0/26       AC:  5    Str:  8    XL:     4   Next: 21%
Magic:  4/4        EV: 14    Int: 12    God:    Zin [*.....]
Gold:   44         SH:  0    Dex: 18    Spells: 3/3 levels left

rFire   . . .      SeeInvis .   a - +2 dagger
rCold   . . .      Faith    .   (no shield)
rNeg    . . .      Spirit   .   b - +0 robe
rPois   .          Reflect  .   (no helmet)
rElec   .          Harm     .   c - +0 cloak
rCorr   .          Rampage  .   l - +0 pair of gloves
Will    .....                   i - +0 pair of boots
Stlth   ++........              (no amulet)
HPRegen 0.08/turn               (no ring)
MPRegen 0.09/turn               (no ring)

@: confused, on recite cooldown
A: small, no large weapons, nightstalker 3
a: Renounce Religion, Recite, Donate Gold


You were on level 2 of the Dungeon.
You worshipped Zin.
Zin was aware of your devotion.
You visited 1 branch of the dungeon, and saw 2 of its levels.

You collected 48 gold pieces.
You donated 4 gold pieces to Zin.

Inventory:

Hand Weapons
 a - a +2 dagger (weapon)
Missiles
 d - 9 poisoned darts
 e - 3 curare-tipped darts
Armour
 b - a +0 robe (worn)
 c - a +0 cloak (worn)
 i - a +0 pair of boots (worn)
 l - a +0 pair of gloves (worn)
Scrolls
 g - 5 scrolls of identify {unknown}
 k - a scroll of teleportation {unknown}
Potions
 f - 2 potions of magic {unknown}
 h - a potion of heal wounds {unknown}
 j - a potion of mutation {unknown}


   Skills:
 - Level 2.1 Fighting
 + Level 5.5 Short Blades
 - Level 2.1 Throwing
 - Level 1.2 Dodging
 - Level 5.3 Stealth


You had 3 spell levels left.
You didn't know any spells.
Your spell library contained the following spells:

 Spells                   Type           Power      Damage    Failure   Level
 Ozocubu's Armour         Ice            0%         N/A       69%         3
 Ozocubu's Refrigeration  Ice            0%         4d5       100%        7


Dungeon Overview and Level Annotations

Branches:
Dungeon (2/15)

Altars:
Ru
Zin

Annotations:
D:2 Ijyb


Innate Abilities, Weirdness & Mutations

You are small and have problems with some larger weapons.
You are completely attuned to the shadows.


Message History

Ijyb zaps a wand.
You resist with some effort.
A goblin comes into view. It is wielding a +0 dagger. x2
Things that are here:
a +0 dagger; a +0 buckler Ijyb zaps a wand.
Your will is overpowered!
You are confused.
Ijyb screams, "I no like you!"
Ijyb zaps a wand.
Your will is overpowered!
You are more confused.
The goblin barely misses you.
You hit Ijyb but do no damage. Ijyb completely misses you.
The goblin barely misses you. The goblin hits you with a +0 dagger.
The goblin attacks as you move away! The goblin hits you with a +0 dagger.
* * * LOW HITPOINT WARNING * * *
You closely miss Ijyb. Ijyb misses you. The goblin completely misses you.
The goblin attacks as you move away! The goblin closely misses you.
Ijyb zaps a wand.
Your will is overpowered!
You are more confused.
You bump into the rock wall.
You bump into the rock wall.
Ijyb attacks as you move away! Ijyb hits you with a +0 dagger.
* * * LOW HITPOINT WARNING * * *
Ijyb hits you with a +0 dagger.
* * * LOW HITPOINT WARNING * * *
You bump into the rock wall.
Ijyb hits you but does no damage.
You miss Ijyb.
Ijyb zaps a wand.
You resist with some effort.
You bump into the rock wall.
Ijyb grins evilly.
Ijyb zaps a wand.
You resist with some effort.
You're too confused to move!
Ijyb zaps a wand.
Your will is overpowered!
You are more confused.
You bump into the rock wall.
Ijyb hits you with a +0 dagger.
* * * LOW HITPOINT WARNING * * *
You bump into the rock wall.
Ijyb attacks as you move away! Ijyb misses you.
You bump into the rock wall.
Ijyb zaps a wand.
You resist with some effort.
The now-empty wand crumbles to dust.
You bump into the rock wall.
Ijyb hits you with a +0 dagger.
You die...

##.##.#...
..........
##.##.....
...##.##.#
#####.#### #....#
# #.##.##.# #
#†##.##.######.#
#.##.#....gg@..#
#.......##g######
####.#.###.8.8.8.
#.#.##.g......
#.#.##.)......
#.>..†.)......
###...).......
####........
#..8.8.


You could see Ijyb and 2 goblins.

Vanquished Creatures
  An adder (D:2)
  A worm (D:2)
  A dart slug (D:1)
  2 endoplasms (D:1)
  3 giant cockroaches (D:2)
  5 hobgoblins
  3 jackals (D:2)
  2 quokkas
  2 ball pythons (D:2)
  3 bats
  2 frilled lizards (D:1)
  9 goblins
  2 kobolds
  4 rats
40 creatures vanquished.

Notes
Turn   | Place    | Note
-------+----------+-------------------------------------------
     0 | D:1      | Colgate the Kobold Brigand began the quest for the Orb.
     0 | D:1      | Reached XP level 1. HP: 12/12 MP: 1/1
   137 | D:1      | Reached XP level 2. HP: 17/17 MP: 2/2
   340 | D:1      | Found a faded altar of an unknown god.
   346 | D:1      | Prayed at the altar of an unknown god.
   346 | D:1      | Became a worshipper of Zin the Law-Giver
   346 | D:1      | Reached * piety under Zin
   737 | D:2      | Reached XP level 3. HP: 21/21 MP: 3/3
   892 | D:2      | Reached skill level 5 in Short Blades
  1179 | D:2      | Found a sacrificial altar of Ru.
  1282 | D:2      | Reached XP level 4. HP: 26/26 MP: 4/4
  1330 | D:2      | Noticed Ijyb
  1352 | D:2      | Slain by Ijyb

Illustrated notes

Levels and vault maps discovered:
D:1:      saegor_arrival_simple_c, layout_basic,
          shapermc_ecumenical_altar_mp_ritualfount
D:2:      kennysheep_the_goblin_king, layout_loops_corners, basic_altar

Skill      XL: |  1  2  3 |
---------------+----------+-----
Short Blades   | 3 4 5 |  5.5
Fighting       | |  2.1
Throwing       | |  2.1
Dodging        | |  1.2
Stealth        | |  5.3

Action                   |  1- 3 |  4- 6 || total
-------------------------+-------+-------++-------
Melee: Dagger            |    54 |    29 ||    83
Invok: Recite            |     1 |     1 ||     2
 Stab: Sleeping          |    21 |     2 ||    23
Armor: Robe              |     3 |    11 ||    14
Dodge: Dodged            |    29 |    18 ||    47

Table legend: (Time is in decaauts)
 A = Elapsed time spent in this place.
 B = Non-inter-level travel time spent in this place.
 C = Inter-level travel time spent in this place.
 D = Time resting spent in this place.
 E = Time spent auto-exploring this place.
 F = Levels seen in this place.
 G = Mean time per level.
                   A        B        C        D        E       F      G
               +--------+--------+--------+--------+--------+-----+--------+
         Total |   1332 |   1323 |      9 |      0 |   1073 |   2 |  666.0 |
       Dungeon |   1332 |   1323 |      9 |      0 |   1073 |   2 |  666.0 |
               +--------+--------+--------+--------+--------+-----+--------+

Top non-repeatable levels by time:
     D:1: 729 daAuts
     D:2: 603 daAuts
